 Dungeon Crawl Stone Soup version 0.21.1-1-g345015fe64 (webtiles) character file.

2002 Revguard the Chopper (level 9, -1/54 HPs)
             Began as a Gargoyle Fighter on June 17, 2018.
             Was a Priest of Qazlal.
             Killed themself with a badly aimed iceblast (15 damage)
             ... on level 6 of the Dungeon.
             The game lasted 00:23:38 (4057 turns).

Revguard the Chopper (Gargoyle Fighter)             Turns: 4057, Time: 00:23:39

Health: -1/54      AC: 13    Str: 22    XL:     9   Next: 22%
Magic:  8/12       EV:  8    Int:  8    God:    Qazlal [***...]
Gold:   183        SH: 19    Dex: 11    Spells: 8/8 levels left

rFire    . . .     SeeInvis .   a - +0 war axe
rCold    . . .     Gourm    .   c - +0 shield
rNeg     + . .     Faith    .   b - +0 scale mail
rPois    ∞         Spirit   .   (no helmet)
rElec    +         Reflect  +   (no cloak)
rCorr    .         Harm     .   (no gloves)
MR       .....                  (no boots)
Stlth    ..........             f - +5 amulet of reflection
HPRegen  0.18/turn              (no ring)
MPRegen  0.13/turn              (no ring)

@: no status effects
A: negative energy resistance 1, electricity resistance, unbreathing,
petrification resistance, rot immunity, AC +6
a: Upheaval, Elemental Force, Renounce Religion


You were on level 6 of the Dungeon.
You worshipped Qazlal.
Qazlal was most pleased with you.
You were hungry.

You visited 2 branches of the dungeon, and saw 7 of its levels.

You collected 183 gold pieces.

Inventory:

Hand Weapons
 a - a +0 war axe (weapon)
Armour
 b - a +0 scale mail (worn)
 c - a +0 shield (worn)
Jewellery
 f - a +5 amulet of reflection (around neck)
Wands
 r - a wand of clouds (5)
 w - a wand of iceblast (8)
 x - a wand of flame (32)
Scrolls
 e - 3 scrolls of remove curse {unknown}
 g - a scroll of fear {unknown}
 i - 2 scrolls of blinking {unknown}
 l - 2 scrolls of amnesia {unknown}
 m - 4 scrolls of identify {unknown}
 n - 2 scrolls of fog {unknown}
 p - 2 scrolls of enchant armour {unknown}
 s - a scroll of noise {unknown}
 u - a scroll of immolation {unknown}
 y - 3 scrolls of teleportation {unknown}
Potions
 d - 2 potions of might
 h - 2 potions of haste {unknown}
 j - a potion of cancellation {unknown}
 k - a potion of berserk rage {unknown}
 o - 2 potions of agility {unknown}
 q - 2 potions of curing {unknown}
 t - a potion of invisibility {unknown}
 z - a potion of flight {unknown}
Comestibles
 v - 2 rations
 A - 3 chunks of flesh


   Skills:
 + Level 5.2 Fighting
 + Level 7.3 Axes
 + Level 5.0 Armour
 + Level 6.6 Shields
 * Level 4.9 Invocations
 * Level 0.4 Evocations


You had 8 spell levels left.
You didn't know any spells.

Dungeon Overview and Level Annotations

Branches:
Dungeon (6/15)             Temple (1/1) D:4

Altars:
Ashenzari
Cheibriados
Fedhas
Gozag
Hepliaklqana
Kikubaaqudgha
Makhleb
Nemelex Xobeh
Okawaru
Qazlal
Ru
Sif Muna
Trog
Uskayaw
Vehumet
Wu Jian
Xom
Yredelemnul
Zin
The Shining One


Innate Abilities, Weirdness & Mutations

You are resistant to torment.
Your stone body is resilient. (AC +6)
You are immune to poison.
You resist negative energy. (rN+)
You are resistant to electric shocks. (rElec)
You can survive without breathing.
You are immune to petrification.
You are immune to rotting.


Message History

You barely miss the orc warrior.
The orc warrior is lightly wounded.
The orc warrior hits you with a scimitar!
* * * LOW HITPOINT WARNING * * *
Aiming: Upheaval
Press: ? - help, Dir - move target cursor, f - orc priest
Aim: an orc priest, wielding a flail and wearing a ring mail A storm cloud blasts the area with cutting wind!
The cutting wind hits the orc priest.
You kill the orc priest!
Qazlal accepts your kill.
Evoke which item? (* to show all) (? for menu, Esc to quit)
Aiming: Iceblast
Press: ? - help, Shift-Dir - straight line, f - orc warrior
Aim: an orc warrior, wielding a scimitar and wearing a plate armour (lightly wounded) That beam is likely to hit you.
Continue anyway?
The mass of ice explodes!
The iceblast engulfs the orc warrior.
The orc warrior is severely wounded.
The iceblast engulfs you!
You die...

#......#..#.##....
#......#..#.##...
#.........#.##...
######.##.#.##..
#....†.##..
####.####)# #.#
#.# #.# #o#
#.####@# #.(....#
########


You could see an orc warrior.

Vanquished Creatures
  Pikel (D:6)
  The ghost of Revguard the Magician, an amateur DEFE (D:4)
  An ice beast (D:6)
  4 ogres
  2 phantoms (D:4)
  3 bullfrogs (D:6)
  A howler monkey (D:5)
  2 centaur zombies
  2 orc priests
  2 bullfrog skeletons
  4 orc wizards
  2 iguanas
  2 worker ants (D:4)
  A worker ant zombie (D:5)
  7 adders
  A gnoll (D:1)
  2 shadow imps (D:5)
  An ooze (D:3)
  An adder zombie (D:4)
  4 worms
  5 dart slugs
  5 leopard geckos
  12 orcs
  6 giant cockroaches
  9 goblins
  7 hobgoblins
  13 jackals
  10 kobolds
  A quokka (D:3)
  11 bats
  4 frilled lizards
  2 leopard gecko skeletons
  7 rats
136 creatures vanquished.

Notes
Turn   | Place    | Note
-------+----------+-------------------------------------------
     0 | D:1      | Revguard the Gargoyle Fighter began the quest for the Orb.
     0 | D:1      | Reached XP level 1. HP: 14/14 MP: 1/1
    37 | D:1      | Reached XP level 2. HP: 17/19 MP: 2/2
   130 | D:1      | Reached skill level 2 in Axes
   130 | D:1      | Reached XP level 3. HP: 16/24 MP: 3/3
   871 | D:2      | Reached XP level 4. HP: 25/29 MP: 4/4
   939 | D:2      | Found a faded altar of an unknown god.
   981 | D:2      | Became a worshipper of Qazlal Stormbringer
   981 | D:2      | Reached * piety under Qazlal
  1262 | D:2      | Noticed a centaur
  1548 | D:3      | Reached skill level 3 in Axes
  1592 | D:3      | Reached XP level 5. HP: 30/33 MP: 5/5
  1735 | D:3      | Reached ** piety under Qazlal
  2318 | D:4      | Noticed Revguard's ghost (amateur DEFE)
  2319 | D:4      | Noticed a phantom
  2329 | D:4      | Killed Revguard's ghost
  2329 | D:4      | Reached skill level 4 in Axes
  2329 | D:4      | Reached skill level 1 in Invocations
  2329 | D:4      | Reached XP level 6. HP: 19/38 MP: 5/7
  2336 | D:4      | Killed a phantom
  2750 | D:4      | Noticed a phantom
  2831 | D:4      | Killed a phantom
  2831 | D:4      | Reached XP level 7. HP: 41/43 MP: 8/8
  2916 | D:4      | Reached skill level 5 in Axes
  2940 | D:4      | Found a staircase to the Ecumenical Temple.
  2975 | Temple   | Entered the Ecumenical Temple
  3365 | D:5      | Entered Level 5 of the Dungeon
  3375 | D:5      | Reached skill level 5 in Shields
  3487 | D:5      | Reached XP level 8. HP: 31/48 MP: 10/10
  3543 | D:5      | Reached *** piety under Qazlal
  3631 | D:5      | Reached skill level 6 in Axes
  3870 | D:6      | Noticed Pikel
  3882 | D:6      | Killed Pikel
  3882 | D:6      | Reached skill level 5 in Fighting
  3882 | D:6      | Reached skill level 7 in Axes
  3882 | D:6      | Reached skill level 5 in Armour
  3882 | D:6      | Reached XP level 9. HP: 48/54 MP: 10/12
  4057 | D:6      | Killed themself with a badly aimed iceblast

Skill      XL: |  1  2  3  4  5  6  7  8 |
---------------+-------------------------+-----
Axes           | 2 3 4 5 7 |  7.3
Armour         | 4 5 |  5.0
Shields        | 4 5 6 |  6.6
Fighting       | 4 5 |  5.2
Invocations    | 1 2 3 4 |  4.9
Evocations     | |  0.4

Action                   |  1- 3 |  4- 6 |  7- 9 || total
-------------------------+-------+-------+-------++-------
Melee: War axe           |   126 |   200 |   177 ||   503
Invok: Upheaval          |       |       |     2 ||     2
  Eat: Chunk             |       |     3 |     1 ||     4
       Ration            |       |     1 |     1 ||     2
Armor: Scale mail        |    85 |   123 |    79 ||   287
Dodge: Dodged            |    50 |    79 |    32 ||   161
Block: Shield            |    76 |   148 |   179 ||   403
       Reflection        |       |       |     1 ||     1
